 Dungeon Crawl Stone Soup version 0.30-a0-6-g7c9e10e132 (webtiles) character file.

Game seed: 625737527886423209

646 SensoryNuts the Cleaver (level 7, -2/60 HPs)
             Began as a Hill Orc Fighter on Aug 22, 2022.
             Was an Initiate of Gozag.
             Slain by Prince Ribbit (12 damage)
             ... on level 6 of the Dungeon.
             The game lasted 00:03:30 (3651 turns).

SensoryNuts the Cleaver (Hill Orc Fighter)          Turns: 3651, Time: 00:03:31

Health: -2/60      AC:  8    Str: 21    XL:     7   Next: 52%
Magic:  7/7        EV: 13    Int:  8    God:    Gozag
Gold:   251        SH:  4    Dex: 10    Spells: 6/6 levels left

rFire   . . .      SeeInvis .    e - +0 war axe (vorpal)
rCold   . . .      Faith    .    c - +0 buckler
rNeg    . . .      Spirit   .    b - +0 scale mail
rPois   +          Reflect  .    (helmet restricted)
rElec   .          Harm     .    h - +0 cloak {Stlth+}
rCorr   .          Rampage  .    (no gloves)
Will    .....                    (no boots)
Stlth   +.........               (no amulet)
HPRegen 0.20/turn                l - +4 ring of evasion
MPRegen 0.10/turn                (no ring)

@: invisible
A: horns 1, talons 1, poison resistance
a: Renounce Religion, Potion Petition, Call Merchant, Bribe Branch


You were on level 6 of the Dungeon.
You worshipped Gozag.
Gozag was aware of your devotion.
You visited 1 branch of the dungeon, and saw 5 of its levels.

You collected 288 gold pieces.
You paid 37 gold pieces to Gozag.

Inventory:

Hand Weapons
 e - a +0 vorpal war axe (weapon)
Armour
 b - a +0 scale mail (worn)
 c - a +0 buckler (worn)
 h - a +0 cloak of stealth (worn)
Jewellery
 a - an amulet of faith
 l - a +4 ring of evasion (left hand)
 t - a ring of fire
 u - an amulet of magic regeneration
Scrolls
 i - a scroll of vulnerability {unknown}
 j - a scroll of enchant weapon
 m - a scroll of brand weapon {unknown}
 n - 2 scrolls of identify
 o - a scroll of magic mapping {unknown}
 q - a scroll of amnesia
 r - a scroll of poison {unknown}
 s - a scroll of teleportation {unknown}
Potions
 d - 2 potions of might
 g - 2 potions of resistance {unknown}
 k - a potion of curing
 p - a potion of mutation
 v - a potion of magic {unknown}
 w - a potion of cancellation {unknown}


   Skills:
 + Level 4.7 Fighting
 * Level 8.7 Axes
 + Level 5.0 Armour
 + Level 0.3 Dodging
 + Level 0.4 Stealth
 + Level 3.6 Shields


You had 6 spell levels left.
You didn't know any spells.
Your spell library contained the following spells:

 Spells                   Type           Power      Damage    Failure   Level
 Blink                    Tloc           0%         N/A       92%         2
 Gell's Gravitas          Tloc           0%         N/A       99%         3
 Teleport Other           Tloc           0%         N/A       99%         3
 Dispersal                Tloc           0%         N/A       100%        6


Dungeon Overview and Level Annotations

Branches:
Dungeon (6/15)
 Temple: D:4-7

Altars:
Gozag

Annotations:
D:6 Prince Ribbit


Innate Abilities, Weirdness & Mutations

You have a pair of small horns on your head.
You have sharp toenails.
Your system is resistant to poisons. (rPois)


Message History

Found a stone staircase leading down.
A centaur comes into view.
Found 20 gold pieces.
The centaur shouts!
You hear a croak.
The centaur wields a +0 shortbow.
The centaur shoots an arrow.
The arrow hits you.
You hear a bark!
There is a stone staircase leading down, spattered with blood here.
The centaur shoots an arrow.
The arrow closely misses you.
Prince Ribbit comes into view.
A hound comes into view.
Found a stone staircase leading up.
The centaur shoots an arrow.
The arrow closely misses you.
Prince Ribbit blinks!
Prince Ribbit hits you but does no damage.
A bullfrog comes into view.
Prince Ribbit attacks as you move away! Prince Ribbit hits you!
The bullfrog gives a loud, deep croak!
Prince Ribbit hits you but does no damage.
Prince Ribbit attacks as you move away! Prince Ribbit hits you!
The centaur shoots an arrow.
The arrow hits you!
Found 16 gold pieces.
The centaur shoots an arrow.
The arrow completely misses you. The bullfrog completely misses you.
You block the hound's attack. Prince Ribbit barely misses you.
Unknown command.
You fade into invisibility!
The centaur shoots an arrow.
The arrow hits you.
The bullfrog hits you but does no damage.
The hound pauses to sniff the ground.
The hound barely misses you. You block Prince Ribbit's attack.
The centaur shoots an arrow.
The arrow hits you. You block the bullfrog's attack.
The hound bites you but does no damage.
The centaur shoots an arrow.
The arrow hits Prince Ribbit!
You block the hound's attack.
The centaur shoots an arrow.
The arrow hits Prince Ribbit!
The centaur shoots an arrow.
Prince Ribbit hits you!
* * * LOW HITPOINT WARNING * * *
There is a stone staircase leading up here.
The hound barely misses you.
The centaur shoots an arrow.
Prince Ribbit hits you!
You die...
Your body crumbles into a pile of gold.

....# ....# ....#
....#### ........
## ....###.###
###. ....#
#...####.. $
....##
#..##..#####
.....#
#......F@..#
####.#
#......h...#
#.####..........#
#...>....F......#
#####..c........#
#$....:.......
#.....########....
....###.. ...$ .##
##.h ##


You could see Prince Ribbit (unable to see you), a bullfrog (unable to see you),
a centaur (unable to see you) and a hound.

Vanquished Creatures
  Pikel (D:4)
  An ogre (D:4)
  A jelly (D:4)
  Jessica (D:3)
  A gnoll (D:1)
  3 adders
  A worm (D:3)
  2 dart slugs
  2 orcs
  4 ball pythons
  4 bats
  6 endoplasms
  6 giant cockroaches
  8 goblins
  4 hobgoblins
  8 jackals
  7 quokkas
  7 frilled lizards
  2 kobolds
  4 rats
73 creatures vanquished.

Notes
Turn   | Place    | Note
-------+----------+-------------------------------------------
     0 | D:1      | SensoryNuts the Hill Orc Fighter began the quest for the
                  | Orb.
     0 | D:1      | Reached XP level 1. HP: 19/19 MP: 1/1
   145 | D:1      | Reached XP level 2. HP: 13/27 MP: 2/2
   458 | D:1      | Reached skill level 3 in Axes
   564 | D:1      | Reached XP level 3. HP: 20/33 MP: 3/3
   920 | D:1      | Found a faded altar of an unknown god.
  1154 | D:2      | Reached skill level 4 in Axes
  1209 | D:2      | Reached XP level 4. HP: 40/40 MP: 4/4
  2208 | D:2      | Gained mutation: You have a pair of small antennae on your
                  | head. [potion of mutation]
  2208 | D:2      | Gained mutation: Armour fits poorly on your strangely
                  | shaped body. [potion of mutation]
  2210 | D:2      | Lost mutation: You have a pair of small antennae on your
                  | head. [potion of mutation]
  2210 | D:2      | Lost mutation: Armour fits poorly on your strangely shaped
                  | body. [potion of mutation]
  2210 | D:2      | Gained mutation: You have sharp toenails. [potion of
                  | mutation]
  2210 | D:2      | Gained mutation: Your system is resistant to poisons.
                  | (rPois) [potion of mutation]
  2210 | D:2      | Gained mutation: You have a pair of small horns on your
                  | head. [potion of mutation]
  2326 | D:3      | Reached skill level 5 in Axes
  2708 | D:3      | Noticed Jessica
  2712 | D:3      | Killed Jessica
  2713 | D:3      | Reached XP level 5. HP: 46/46 MP: 5/5
  2715 | D:3      | Got Jessica's Codex of the Wayfarer
  2790 | D:3      | Found an opulent altar of Gozag.
  3012 | D:3      | Became a worshipper of Gozag Ym Sagoz the Greedy
  3307 | D:4      | Noticed Pikel
  3308 | D:4      | Noticed a lemure
  3308 | D:4      | Noticed a lemure
  3308 | D:4      | Noticed a lemure
  3310 | D:4      | Noticed a lemure
  3313 | D:4      | Noticed an ogre
  3315 | D:4      | Killed Pikel
  3316 | D:4      | Reached skill level 8 in Axes
  3316 | D:4      | Reached XP level 6. HP: 16/53 MP: 6/6
  3316 | D:4      | Reached XP level 7. HP: 18/60 MP: 7/7
  3318 | D:4      | HP: 1/60 [ogre/+0 giant club (25)]
  3324 | D:4      | Reached skill level 5 in Armour
  3629 | D:4      | You fall into a shaft and drop 2 floors!
  3641 | D:6      | Noticed Prince Ribbit
  3651 | D:6      | Slain by Prince Ribbit

Illustrated notes

Levels and vault maps discovered:
D:1:      lightli_arrival_flooded_house, layout_rooms,
          dreamdust_ecumenical_altar_statues, minmay_misc_feat_rugged,
          amethyst_killhole, st_stairs_12
D:2:      layout_basic, minmay_small_reverse_x
D:3:      layout_basic, lemuel_crystal_altar, minivault_24,
          kennysheep_jessica_study
D:4:      layout_rooms, lemuel_doored_altar, minmay_temple_entry_from_below_b,
          gammafunk_ghost_grave, nrook_loot_triangle,
          kennysheep_generic_room_16, uniq_pikel, uniq_grinder
D:6:      layout_rooms, mainiacjoe_overflow_tiny_flanked, uniq_prince_ribbit1

Skill      XL: |  1  2  3  4  5  6  7 |
---------------+----------------------+-----
Axes           | 3 4 5 8 |  8.7
Fighting       | 4 |  4.7
Armour         | 4 5 |  5.0
Dodging        | |  0.3
Stealth        | |  0.4
Shields        | |  3.6

Action                   |  1- 3 |  4- 6 |  7- 9 || total
-------------------------+-------+-------+-------++-------
Melee: War axe           |    75 |    77 |     7 ||   159
       Headbutt          |       |     7 |     1 ||     8
       Kick              |       |     5 |     2 ||     7
  Use: Scroll            |       |     7 |       ||     7
       Potion            |       |     6 |     4 ||    10
Armor: Scale mail        |    41 |    24 |     4 ||    69
Dodge: Dodged            |    35 |    52 |    18 ||   105
Block: Buckler           |    16 |    14 |     7 ||    37

Table legend: (Time is in decaauts)
 A = Elapsed time spent in this place.
 B = Non-inter-level travel time spent in this place.
 C = Inter-level travel time spent in this place.
 D = Time resting spent in this place.
 E = Time spent auto-exploring this place.
 F = Levels seen in this place.
 G = Mean time per level.
                   A        B        C        D        E       F      G
               +--------+--------+--------+--------+--------+-----+--------+
         Total |   3713 |   3511 |    202 |      0 |   3019 |   5 |  742.6 |
       Dungeon |   3713 |   3511 |    202 |      0 |   3019 |   5 |  742.6 |
               +--------+--------+--------+--------+--------+-----+--------+

Top non-repeatable levels by time:
     D:2: 1271 daAuts
     D:1: 1035 daAuts
     D:3: 883 daAuts
     D:4: 501 daAuts
     D:6: 21 daAuts
